 Dungeon Crawl Stone Soup version 0.18-a0-1721-gc4d1f22 (webtiles) character file.

140 Implojin the Insei (level 5, -2/41 HPs)
             Began as a Mummy Monk on Apr 9, 2016.
             Slain by a sky beast (4 damage)
             ... on level 2 of the Dungeon.
             The game lasted 00:06:30 (4503 turns).

Implojin the Insei (Mummy Monk)                     Turns: 4503, Time: 00:06:31

Health: -2/41      AC:  0    Str: 15    XL:     5   Next: 2%
Magic:  5/5        EV: 13    Int:  9    God:
Gold:   244        SH:  0    Dex: 15    Spells: 0 memorised, 4 levels left

rFire  x . .     SeeInvis .       - Unarmed
rCold  + . .     Gourm    .     (no armour)
rNeg   + + +     Faith    .     (no shield)
rPois  ∞         Spirit   .     (no helmet)
rElec  .         Dismiss  .     (no cloak)
rCorr  .         Reflect  .     (no gloves)
SustAt +         Harm     .     (no boots)
MR     .....                    (no amulet)
Stlth  ++........               (no ring)
                                c - ring of sustain attributes

@: not resistant to hostile enchantments, unstealthy
A: no food or potions, fire vulnerability, cold resistance 1, negative energy
resistance 3, torment resistance, unbreathing
a: no special abilities


You were on level 2 of the Dungeon.
You were not hungry.

You visited 1 branch of the dungeon, and saw 3 of its levels.

You collected 244 gold pieces.

Inventory:

Jewellery
 c - a ring of sustain attributes (left hand)
Scrolls
 a - 2 scrolls of enchant armour {unknown}
 b - 2 scrolls of identify {unknown}
 d - a scroll of amnesia {unknown}


   Skills:
 * Level 3.0 Fighting
 - Level 2.4 Dodging
 - Level 1.5 Stealth
 - Level 5.2 Unarmed Combat


You had 4 spell levels left.
You didn't know any spells.

Dungeon Overview and Level Annotations

Branches:
Dungeon (3/15)

Altars:
Nemelex Xobeh
The Shining One

Annotations:
D:2 3 exclusions, Natasha


Innate Abilities, Weirdness & Mutations

You do not eat or drink.
Your flesh is vulnerable to fire.
You are immune to poison.
Your flesh is cold resistant.
You are immune to negative energy.
You are immune to unholy pain and torment.
You can survive without breathing.


Message History

The sky beast is almost dead.
The sky beast hits you.
* * * LOW HITPOINT WARNING * * *
The sky beast shocks you.
* * * LOW HITPOINT WARNING * * *
Unknown command.
The sky beast flickers out of sight!
Deactivating autopickup; reactivate with Ctrl-A.
The kobold throws a stone.
The stone closely misses you.
You see here a stone.
A sky beast appears from thin air!
Reactivating autopickup.
You miss the sky beast.
The sky beast is almost dead.
The sky beast flickers out of sight!
Deactivating autopickup; reactivate with Ctrl-A.
Something hits you.
* * * LOW HITPOINT WARNING * * *
Something shocks you.
* * * LOW HITPOINT WARNING * * *
A sky beast appears from thin air!
Reactivating autopickup.
The sky beast flickers out of sight!
Deactivating autopickup; reactivate with Ctrl-A.
A sky beast appears from thin air!
Reactivating autopickup.
The sky beast flickers out of sight!
Deactivating autopickup; reactivate with Ctrl-A.
There is a stone staircase leading up here.
Something hits you.
* * * LOW HITPOINT WARNING * * *
Something shocks you.
* * * LOW HITPOINT WARNING * * *
You climb upwards.
Level annotation: 3 exclusions, Natasha
There is a stone staircase leading down here.
Unknown command.
Unknown command.
Something hits you.
You die...

#.# #.#......######.#### #.#
#.#.....## #.# ###
###.####.#...#.# #.# #..
##.#...)......#.#######.# #.#
##...###.#.#......>...)..# #.#
##.....##.#.#..##.#############.#
..........#.......# #.....
#.........###.....# ####.##..
#.#.......####.#@## #.......#
#.#..#..#.......>.# #.##.##.#
#.#.##..#######...# #.......#
#.......# #...# ##........
###.###.# #####...######.....#...
#.# #.###<..........##.÷(......
..# #......................#...
......####...........##.>...###.
.##. . ####....#.####.....###.


There were no monsters in sight!

Vanquished Creatures
  An orc wizard (D:3)
  4 adders
  An ooze (D:2)
  3 worms (D:2)
  A giant gecko (D:2)
  7 orcs
  4 giant cockroaches
  3 goblins
  9 hobgoblins
  3 jackals (D:2)
  7 kobolds
  A quokka (D:3)
  3 bats
  A giant newt (D:1)
  6 rats
54 creatures vanquished.

Notes
Turn   | Place    | Note
--------------------------------------------------------------
     0 | D:1      | Implojin the Mummy Monk began the quest for the Orb.
     0 | D:1      | Reached XP level 1. HP: 18/18 MP: 1/1
   514 | D:1      | Reached XP level 2. HP: 19/24 MP: 2/2
   985 | D:2      | Reached skill level 4 in Unarmed Combat
  1260 | D:2      | Reached XP level 3. HP: 19/29 MP: 3/3
  1502 | D:2      | Noticed Natasha
  3327 | D:3      | Found a sparkling altar of Nemelex Xobeh.
  3401 | D:3      | Reached XP level 4. HP: 24/35 MP: 4/4
  3873 | D:3      | Found a glowing golden altar of the Shining One.
  3942 | D:3      | Reached skill level 5 in Unarmed Combat
  4110 | D:3      | Reached XP level 5. HP: 19/41 MP: 5/5
  4278 | D:3      | Found a sparkling altar of Nemelex Xobeh.
  4420 | D:3      | Noticed a sky beast
  4501 | D:3      | HP: 1/41 [something (5)]
  4503 | D:2      | Slain by a sky beast

Vault maps used:
D:1:      lemuel_arrival_behind_the_door_small
D:2:      uniq_natasha
D:3:      tso_metal_star, lemuel_doored_altar, lemuel_coloured_pillars_altar,
          nemelex_lonely_heart_becter

Skill      XL: |  1  2  3  4 |
---------------+-------------+-----
Unarmed Combat | 4 5 |  5.2
Fighting       | |  3.0
Dodging        | |  2.4
Stealth        | |  1.5

Action                   |  1- 3 |  4- 6 || total
-------------------------+-------+-------++-------
Melee: Unarmed           |   178 |    75 ||   253
 Stab: Sleeping          |     3 |     1 ||     4

Table legend:
 A = Turns spent in this place as a percentage of turns spent in the entire game.
 B = Non-inter-level travel turns spent in this place as a percentage of non-inter-level travel turns spent in the entire game.
 C = Inter-level travel turns spent in this place as a percentage of turns spent in this place.
 D = Turns resting spent in this place as a percentage of non-inter-level travel turns spent in this place.
 E = Turns spent auto-exploring this place as a percentage of non-inter-level travel turns spent in this place.
 F = Non-inter-level travel turns spent in this place divided by the number of levels of this place that you've seen.
                   A       B       C       D       E      F
               +-------+-------+-------+-------+-------+----------------------
         Total | 100.0 | 100.0 |   0.2 |   4.7 |   6.5 | 331.7
       Dungeon | 100.0 | 100.0 |   0.2 |   4.7 |   6.5 | 331.7
               +-------+-------+-------+-------+-------+----------------------

Table legend:
 A = Kills in this place as a percentage of kills in entire the game.
 B = Kills by you in this place as a percentage of kills by you in the entire game.
 C = Kills by friends in this place as a percentage of kills by friends in the entire game.
 D = Other kills in this place as a percentage of other kills in the entire game.
 E = Experience gained in this place as a percentage of experience gained in the entire game.
 F = Experience gained in this place divided by the number of levels of this place that you have seen.
                   A       B       C       D       E      F
               +-------+-------+-------+-------+-------+----------------------
         Total | 100.0 | 100.0 |  -nan |  -nan | 100.0 |  66.7
       Dungeon | 100.0 | 100.0 |  -nan |  -nan | 100.0 |  66.7
               +-------+-------+-------+-------+-------+----------------------
